| TOP OF THE 1ST |
|
Bristol Pirates batting - Pitching for Missoula Osprey : RHP Tom Moore
|
|
Pitching: RHP Tom Moore
|
|
|
Batting: SHB Don Hauk
|
0-0: Ball 1-0: Fly out, F3 (Line Drive, 34, EV 68.8 MPH)
|
|
Batting: RHB Pete Hutton
|
0-0: Called Strike 0-1: Ball 1-1: Ball 2-1: Ground out 4-3 (Groundball, 4, EV 90.0 MPH)
|
|
Batting: LHB Randy Boone
|
0-0: Called Strike 0-1: Ball 1-1: Called Strike 1-2: Foul Ball, location: 2F 1-2: Foul Ball, location: 2F 1-2: Ball 2-2: Ball 3-2: SINGLE (Groundball, 4D, EV 106.2 MPH)
|
|
Batting: RHB Randy Bergman
|
0-0: Called Strike Randy Boone steals 2nd, throwing error, E2 Randy Boone to third 0-1: Ball 1-1: Foul Ball, location: 2F 1-2: Foul Ball, location: 2F 1-2: Strikes out looking
|
| Top of the 1st over - 0 runs, 1 hit, 1 error, 1 left on base; Bristol 0 - Missoula 0 |
| BOTTOM OF THE 1ST |
|
Missoula Osprey batting - Pitching for Bristol Pirates : LHP Adam Clarke
|
|
Pitching: LHP Adam Clarke
|
|
|
Batting: RHB Hyeok Shon
|
0-0: Ball 1-0: Called Strike 1-1: Ball 2-1: Ground out 4-3 (Groundball, 4, EV 79.4 MPH)
|
|
Batting: RHB Edwin Romero
|
0-0: Ball 1-0: SINGLE (Groundball, 6MD, EV 97.5 MPH)
|
|
Batting: SHB Ed Vargas
|
0-0: Ball 1-0: Fielders Choice at 2nd, 6-4 (Groundball, 6, EV 108.1 MPH)
|
|
Batting: RHB D.J. Cooke
|
0-0: Foul Ball, location: 2F 0-1: Swinging Strike 0-2: Ball 1-2: Ball 2-2: Strikes out swinging
|
| Bottom of the 1st over - 0 runs, 1 hit, 0 errors, 1 left on base; Bristol 0 - Missoula 0 |
| TOP OF THE 2ND |
|
Bristol Pirates batting - Pitching for Missoula Osprey : RHP Tom Moore
|
|
Batting: RHB Alain Marquet
|
0-0: Ball 1-0: Called Strike 1-1: Swinging Strike 1-2: Ball 2-2: Strikes out swinging
|
|
Batting: SHB Ronnie Brooks
|
0-0: Called Strike 0-1: Ball 1-1: Called Strike 1-2: Ball 2-2: Ball 3-2: Base on Balls
|
|
Batting: RHB Steve Terres
|
0-0: Called Strike 0-1: Ball 1-1: Ball 2-1: Ball 3-1: Swinging Strike 3-2: Foul Ball, location: 2F 3-2: Base on Balls Ronnie Brooks to second
|
|
Batting: RHB Rob Colley
|
0-0: Called Strike 0-1: Ball 1-1: Swinging Strike 1-2: Strikes out swinging
|
|
Batting: RHB Erik Mulligan
|
0-0: Ball 1-0: Foul Ball, location: 2F 1-1: Called Strike 1-2: Strikes out looking
|
| Top of the 2nd over - 0 runs, 0 hits, 0 errors, 2 left on base; Bristol 0 - Missoula 0 |
| BOTTOM OF THE 2ND |
|
Missoula Osprey batting - Pitching for Bristol Pirates : LHP Adam Clarke
|
|
Batting: RHB Mike Swift
|
0-0: Foul Ball, location: 2F 0-1: SOLO HOME RUN (Flyball, 78XD, EV 103.8 MPH), Distance : 392 ft
|
|
Batting: RHB Orlando Florez
|
0-0: Ball 1-0: Swinging Strike 1-1: Fly out, F9 (Flyball, 9D, EV 88.8 MPH)
|
|
Batting: RHB Daniel Rivera
|
0-0: Ball 1-0: Ball 2-0: Ball 3-0: Called Strike 3-1: Called Strike 3-2: Ground out 6-3 (Groundball, 6M, EV 108.1 MPH)
|
|
Batting: LHB Josh Thomas
|
0-0: Called Strike 0-1: Ball 1-1: Ball 2-1: Ball 3-1: Base on Balls
|
|
Batting: RHB Matt Bailey
|
0-0: Ball 1-0: Ball 2-0: Ball 3-0: Called Strike 3-1: Foul Ball, location: 2F 3-2: Base on Balls Josh Thomas to second
|
|
Batting: RHB Hyeok Shon
|
0-0: Ball 1-0: Foul Ball, location: 2F 1-1: Foul Ball, location: 2F 1-2: SINGLE (Line Drive, 89M, EV 85.0 MPH) Josh Thomas to third Matt Bailey to second
|
|
Batting: RHB Edwin Romero
|
0-0: Ball 1-0: Ball 2-0: Fielders Choice at 2nd, 5-4 (Groundball, 56, EV 108.1 MPH)
|
| Bottom of the 2nd over - 1 run, 2 hits, 0 errors, 3 left on base; Bristol 0 - Missoula 1 |
| TOP OF THE 3RD |
|
Bristol Pirates batting - Pitching for Missoula Osprey : RHP Tom Moore
|
|
Batting: SHB Don Hauk
|
0-0: Ball 1-0: Ball 2-0: Foul Ball, location: 2F 2-1: Called Strike 2-2: Foul Ball, location: 2F 2-2: Foul Ball, location: 2F 2-2: Ground out 4-3 (Groundball, 4, EV 105.6 MPH)
|
|
Batting: RHB Pete Hutton
|
0-0: Ball 1-0: Ball 2-0: Foul Ball, location: 2F 2-1: Ball 3-1: Foul Ball, location: 2F 3-2: Base on Balls
|
|
Batting: LHB Randy Boone
|
0-0: Called Strike 0-1: Called Strike Pete Hutton steals 2nd, throwing error, E2 Pete Hutton to third 0-2: Ground out U3 (Groundball, 3, EV 107.5 MPH)
|
|
Batting: RHB Randy Bergman
|
0-0: Ball 1-0: SINGLE (Line Drive, 34D, EV 106.9 MPH) Pete Hutton scores
|
|
Batting: RHB Alain Marquet
|
0-0: Called Strike 0-1: Ball 1-1: Swinging Strike 1-2: Strikes out swinging
|
| Top of the 3rd over - 1 run, 1 hit, 1 error, 1 left on base; Bristol 1 - Missoula 1 |
| BOTTOM OF THE 3RD |
|
Missoula Osprey batting - Pitching for Bristol Pirates : LHP Adam Clarke
|
|
Batting: SHB Ed Vargas
|
0-0: Ball 1-0: Called Strike 1-1: Ball 2-1: Called Strike 2-2: Foul Ball, location: 2F 2-2: SINGLE (Groundball, 34D, EV 102.5 MPH) (infield hit)
|
|
Batting: RHB D.J. Cooke
|
0-0: Called Strike 0-1: Foul Ball, location: 2F 0-2: Foul Ball, location: 2F 0-2: Strikes out swinging
|
|
Batting: RHB Mike Swift
|
0-0: Ball 1-0: Called Strike 1-1: Fly out, F8 (Flyball, 89D, EV 91.2 MPH)
|
|
Batting: RHB Orlando Florez
|
0-0: Ball 1-0: Ball 2-0: Called Strike 2-1: Ball 3-1: Foul Ball, location: 2F 3-2: Base on Balls Ed Vargas to second
|
|
Batting: RHB Daniel Rivera
|
0-0: Called Strike 0-1: 3-RUN HOME RUN (Flyball, 7D, EV 98.8 MPH), Distance : 364 ft
|
|
Batting: LHB Josh Thomas
|
0-0: Called Strike 0-1: Called Strike 0-2: Foul Ball, location: 2F 0-2: Foul Ball, location: 2F 0-2: Foul Ball, location: 2F 0-2: Ball 1-2: Ball 2-2: Ball 3-2: Fly out, F8 (Flyball, 89D, EV 101.9 MPH)
|
| Bottom of the 3rd over - 3 runs, 2 hits, 0 errors, 0 left on base; Bristol 1 - Missoula 4 |
| TOP OF THE 4TH |
|
Bristol Pirates batting - Pitching for Missoula Osprey : RHP Tom Moore
|
|
Batting: SHB Ronnie Brooks
|
0-0: Foul Ball, location: 2F 0-1: Ball 1-1: Ball 2-1: SINGLE (Groundball, 3D, EV 100.0 MPH)
|
|
Batting: RHB Steve Terres
|
0-0: Foul Ball, location: 2F 0-1: Ball 1-1: Ball 2-1: Called Strike 2-2: Strikes out looking
|
|
Batting: RHB Rob Colley
|
0-0: Called Strike 0-1: Swinging Strike 0-2: Strikes out swinging
|
|
Batting: RHB Erik Mulligan
|
0-0: Called Strike 0-1: Called Strike 0-2: Fly out, F8 (Flyball, 8RD, EV 85.0 MPH)
|
| Top of the 4th over - 0 runs, 1 hit, 0 errors, 1 left on base; Bristol 1 - Missoula 4 |
| BOTTOM OF THE 4TH |
|
Missoula Osprey batting - Pitching for Bristol Pirates : LHP Adam Clarke
|
|
Batting: RHB Matt Bailey
|
0-0: Reached on error, E1 (Groundball, 15S, EV 75.6 MPH)
|
|
Batting: RHB Hyeok Shon
|
0-0: Foul Ball, location: 2F 0-1: Ball 1-1: Grounds into double play, 5-4-3 (Groundball, 56S, EV 83.8 MPH)
|
|
Batting: RHB Edwin Romero
|
0-0: Called Strike 0-1: Foul Ball, location: 2F 0-2: Ball 1-2: Ball 2-2: Strikes out swinging
|
| Bottom of the 4th over - 0 runs, 0 hits, 1 error, 0 left on base; Bristol 1 - Missoula 4 |
| TOP OF THE 5TH |
|
Bristol Pirates batting - Pitching for Missoula Osprey : RHP Tom Moore
|
|
Batting: SHB Don Hauk
|
0-0: Ball 1-0: Ball 2-0: Called Strike 2-1: Called Strike 2-2: Foul Ball, location: 2F 2-2: Ball 3-2: Base on Balls
|
|
Batting: RHB Pete Hutton
|
0-0: Fly out, F9 (Flyball, 9, EV 87.5 MPH)
|
|
Batting: LHB Randy Boone
|
0-0: Ball Don Hauk steals 2nd, throwing error, E2 Don Hauk to third 1-0: Swinging Strike 1-1: Ball 2-1: Ground out 4-3 (Groundball, 4, EV 106.9 MPH) Don Hauk scores
|
|
Batting: RHB Randy Bergman
|
0-0: Ball 1-0: Ball 2-0: Called Strike 2-1: Ball 3-1: Called Strike 3-2: Base on Balls
|
|
Batting: RHB Alain Marquet
|
0-0: Ball 1-0: Ball 2-0: Ball 3-0: Called Strike 3-1: Foul Ball, location: 2F 3-2: Foul Ball, location: 2F 3-2: Foul Ball, location: 2F 3-2: Base on Balls Randy Bergman to second
|
|
Pitching: RHP Edwin Martinez
|
|
|
Batting: SHB Ronnie Brooks
|
0-0: Ball 1-0: Foul Ball, location: 2F 1-1: Foul Ball, location: 2F 1-2: Foul Ball, location: 2F 1-2: Strikes out swinging
|
| Top of the 5th over - 1 run, 0 hits, 1 error, 2 left on base; Bristol 2 - Missoula 4 |
| BOTTOM OF THE 5TH |
|
Missoula Osprey batting - Pitching for Bristol Pirates : LHP Adam Clarke
|
|
Batting: SHB Ed Vargas
|
0-0: Ball 1-0: Called Strike 1-1: Ground out 6-3 (Groundball, 6, EV 85.0 MPH)
|
|
Batting: RHB D.J. Cooke
|
0-0: SOLO HOME RUN (Flyball, 7LD, EV 90.6 MPH), Distance : 330 ft
|
|
Batting: RHB Mike Swift
|
0-0: Called Strike 0-1: Swinging Strike 0-2: Fly out, F8 (Flyball, 89M, EV 93.8 MPH)
|
|
Batting: RHB Orlando Florez
|
0-0: Foul Ball, location: 2F 0-1: Swinging Strike 0-2: Strikes out swinging
|
| Bottom of the 5th over - 1 run, 1 hit, 0 errors, 0 left on base; Bristol 2 - Missoula 5 |
| TOP OF THE 6TH |
|
Bristol Pirates batting - Pitching for Missoula Osprey : RHP Edwin Martinez
|
|
Batting: RHB Steve Terres
|
0-0: Ball 1-0: Ground out 4-3 (Groundball, 4, EV 77.5 MPH)
|
|
Batting: RHB Rob Colley
|
0-0: Swinging Strike 0-1: SINGLE (Groundball, 6D, EV 104.4 MPH)
|
|
Batting: RHB Erik Mulligan
|
0-0: Called Strike 0-1: Ball 1-1: SINGLE (Flyball, 9, EV 96.2 MPH) Rob Colley to second
|
|
Batting: SHB Don Hauk
|
0-0: Ball Wild Pitch! Rob Colley to third Erik Mulligan to second 1-0: SINGLE (Groundball, 13S, EV 71.9 MPH) (infield hit)
|
|
Batting: RHB Pete Hutton
|
0-0: Called Strike 0-1: Called Strike 0-2: Ball 1-2: Ball 2-2: Fly out, F9 (Flyball, 9, EV 91.9 MPH) Runner from 3rd tags up, SCORES, throw by RF Erik Mulligan to third
|
|
Batting: LHB Randy Boone
|
0-0: Foul Ball, location: 2F 0-1: Fly out, F8 (Flyball, 89S, EV 78.8 MPH)
|
| Top of the 6th over - 1 run, 3 hits, 0 errors, 2 left on base; Bristol 3 - Missoula 5 |
| BOTTOM OF THE 6TH |
|
Missoula Osprey batting - Pitching for Bristol Pirates : LHP Adam Clarke
|
|
Batting: RHB Daniel Rivera
|
0-0: Ball 1-0: Swinging Strike 1-1: Swinging Strike 1-2: Foul Ball, location: 2F 1-2: Ball 2-2: Strikes out looking
|
|
Batting: LHB Josh Thomas
|
0-0: Called Strike 0-1: Ball 1-1: Swinging Strike 1-2: Strikes out swinging
|
|
Batting: RHB Matt Bailey
|
0-0: Ball 1-0: Ball 2-0: Ball 3-0: Called Strike 3-1: Base on Balls
|
|
Pitching: RHP Onne Stubbe
|
|
|
Batting: RHB Hyeok Shon
|
0-0: Called Strike 0-1: Ball 1-1: Swinging Strike 1-2: DOUBLE (Line Drive, 8RD, EV 107.5 MPH) Matt Bailey to third
|
|
Batting: RHB Edwin Romero
|
0-0: Ball Wild Pitch! Matt Bailey scores Hyeok Shon to third 1-0: Ground out 4-3 (Groundball, 4MS, EV 69.4 MPH)
|
| Bottom of the 6th over - 1 run, 1 hit, 0 errors, 1 left on base; Bristol 3 - Missoula 6 |
| TOP OF THE 7TH |
|
Bristol Pirates batting - Pitching for Missoula Osprey : RHP Edwin Martinez
|
|
Batting: RHB Randy Bergman
|
0-0: Ball 1-0: Called Strike 1-1: Foul Ball, location: 2F 1-2: Ball 2-2: Ground out 5-3 (Groundball, 56, EV 85.0 MPH)
|
|
Batting: RHB Alain Marquet
|
0-0: Ball 1-0: Ball 2-0: Ball 3-0: Foul Ball, location: 2F 3-1: Fly out, F8 (Flyball, 8RD, EV 97.5 MPH)
|
|
Batting: SHB Ronnie Brooks
|
0-0: Called Strike 0-1: Ball 1-1: Foul Ball, location: 2F 1-2: Strikes out swinging
|
| Top of the 7th over - 0 runs, 0 hits, 0 errors, 0 left on base; Bristol 3 - Missoula 6 |
| BOTTOM OF THE 7TH |
|
Missoula Osprey batting - Pitching for Bristol Pirates : RHP Onne Stubbe
|
|
Batting: SHB Ed Vargas
|
0-0: Called Strike 0-1: Ball 1-1: Called Strike 1-2: Foul Ball, location: 2F 1-2: Strikes out looking
|
|
Batting: RHB D.J. Cooke
|
0-0: Ball 1-0: Ball 2-0: Called Strike 2-1: Foul Ball, location: 2F 2-2: Ball 3-2: Base on Balls
|
|
Batting: RHB Mike Swift
|
0-0: Foul Ball, location: 2F 0-1: Ball 1-1: Foul Ball, location: 2F 1-2: Foul Ball, location: 2F 1-2: Ball 2-2: Single, Error in OF, E9, batter to second base (Line Drive, 89S, EV 108.8 MPH) D.J. Cooke to third
|
|
Batting: RHB Orlando Florez
|
0-0: DOUBLE (Line Drive, 9LM, EV 107.5 MPH) D.J. Cooke scores Mike Swift scores
|
|
Batting: RHB Daniel Rivera
|
0-0: Ball 1-0: Called Strike 1-1: Called Strike 1-2: Ball 2-2: Ball 3-2: Base on Balls
|
|
Batting: LHB Josh Thomas
|
0-0: Foul Ball, location: 2F 0-1: Called Strike 0-2: Strikes out swinging
|
|
Batting: RHB Matt Bailey
|
0-0: SINGLE (Line Drive, 34D, EV 96.2 MPH) Orlando Florez to third Daniel Rivera to second Runner from 3rd tries for Home, SAFE, throw by RF to home Daniel Rivera to third Matt Bailey to second
|
|
Batting: RHB Hyeok Shon
|
0-0: Foul Ball, location: 2F 0-1: Foul Ball, location: 2F 0-2: Ball 1-2: Ground out 4-3 (Groundball, 4S, EV 66.2 MPH)
|
| Bottom of the 7th over - 3 runs, 3 hits, 1 error, 2 left on base; Bristol 3 - Missoula 9 |
| TOP OF THE 8TH |
|
Bristol Pirates batting - Pitching for Missoula Osprey : RHP Edwin Martinez
|
|
Batting: RHB Steve Terres
|
0-0: Called Strike 0-1: Ball 1-1: Ball 2-1: TRIPLE (Flyball, 89XD, EV 95.6 MPH)
|
|
Batting: RHB Rob Colley
|
0-0: Ball 1-0: Swinging Strike 1-1: Swinging Strike 1-2: Strikes out swinging
|
|
Pitching: LHP Cory Youngquist
|
|
|
Batting: RHB Erik Mulligan
|
0-0: Called Strike 0-1: Ball 1-1: Called Strike 1-2: Ball 2-2: Fly out, F8 (Flyball, 8LXD, EV 92.5 MPH) Runner from 3rd tags up, SCORES, no throw by CF
|
|
Batting: SHB Don Hauk
|
0-0: Called Strike 0-1: SINGLE (Flyball, 8LS, EV 90.0 MPH)
|
|
Batting: RHB Pete Hutton
|
0-0: 2-RUN HOME RUN (Line Drive, 78XD, EV 98.1 MPH), Distance : 392 ft
|
|
Batting: LHB Randy Boone
|
0-0: Ball 1-0: Foul Ball, location: 2F 1-1: Called Strike 1-2: Ball 2-2: Ball 3-2: Foul Ball, location: 2F 3-2: Base on Balls
|
|
Batting: RHB Randy Bergman
|
0-0: Called Strike 0-1: Ball 1-1: Ball 2-1: Foul Ball, location: 2F 2-2: Fielders Choice at 2nd, U4 (Groundball, 4M, EV 78.8 MPH)
|
| Top of the 8th over - 3 runs, 3 hits, 0 errors, 1 left on base; Bristol 6 - Missoula 9 |
| BOTTOM OF THE 8TH |
|
Missoula Osprey batting - Pitching for Bristol Pirates : RHP Onne Stubbe
|
|
Batting: RHB Edwin Romero
|
0-0: Called Strike 0-1: SINGLE (Flyball, 3D, EV 92.5 MPH)
|
|
Batting: SHB Ed Vargas
|
0-0: Ball 1-0: Ball 2-0: Foul Ball, location: 2F 2-1: Ball 3-1: Base on Balls Edwin Romero to second
|
|
Batting: RHB D.J. Cooke
|
0-0: Ball 1-0: Foul Ball, location: 2F 1-1: Ball 2-1: Called Strike 2-2: 3-RUN HOME RUN (Flyball, 78XD, EV 100.6 MPH), Distance : 402 ft
|
|
Batting: RHB Mike Swift
|
0-0: Ball 1-0: Ball 2-0: Ground out 4-3 (Groundball, 4, EV 86.2 MPH)
|
|
Batting: RHB Orlando Florez
|
0-0: Ball 1-0: Ball 2-0: Ball 3-0: Called Strike 3-1: Called Strike 3-2: Base on Balls
|
|
Batting: RHB Daniel Rivera
|
0-0: Called Strike Orlando Florez steals 2nd base 0-1: Ball 1-1: 2-RUN HOME RUN (Flyball, 7LD, EV 93.8 MPH), Distance : 352 ft
|
|
Pitching: RHP Otok Barleyfoot
|
|
|
Batting: LHB Josh Thomas
|
0-0: Ball 1-0: Ball 2-0: Called Strike 2-1: SINGLE (Groundball, 4D, EV 110.0 MPH)
|
|
Batting: RHB Matt Bailey
|
0-0: Called Strike 0-1: Swinging Strike 0-2: Fly out, F8 (Line Drive, 8LM, EV 102.5 MPH)
|
|
Batting: RHB Hyeok Shon
|
0-0: Ball Wild Pitch! Josh Thomas to second 1-0: Called Strike 1-1: Called Strike 1-2: Strikes out swinging
|
| Bottom of the 8th over - 5 runs, 4 hits, 0 errors, 1 left on base; Bristol 6 - Missoula 14 |
| TOP OF THE 9TH |
|
Bristol Pirates batting - Pitching for Missoula Osprey : LHP Cory Youngquist
|
|
Batting: RHB Alain Marquet
|
0-0: SOLO HOME RUN (Flyball, 7LD, EV 97.5 MPH), Distance : 384 ft
|
|
Batting: SHB Ronnie Brooks
|
0-0: Fly out, F2 (Popup, 2RF, EV 84.4 MPH)
|
|
Batting: RHB Steve Terres
|
0-0: Ball 1-0: Swinging Strike 1-1: Swinging Strike 1-2: Foul Ball, location: 2F 1-2: Ball 2-2: Ball 3-2: Strikes out swinging
|
|
Batting: RHB Rob Colley
|
0-0: Called Strike 0-1: Ball 1-1: SINGLE (Groundball, 34D, EV 97.5 MPH)
|
|
Batting: RHB Erik Mulligan
|
0-0: Foul Ball, location: 2F 0-1: Foul Ball, location: 2F 0-2: Strikes out swinging
|
| Top of the 9th over - 1 run, 2 hits, 0 errors, 1 left on base; Bristol 7 - Missoula 14 |
|